Unix NetHack Version 5.0.0-0 post-release - last build Jul 19 2026 19:10:59 (3aa4ab31751d3886436d94b585a96704892fd477,branch:main).

Game began 2026-07-29 03:06:16, ended 2026-07-29 03:10:42.

HumaRuntu, chaotic female elven Wizard

                                                          .
                                                          -.
                                                           .
                                                           -.
                                                            ..
                                                           --..
                                                           -...
                                                             G..------
                                                               .h|...--
                                                                -@..f.|
                                                                --.|.--
                                                                 -----
HumaRuntu the Evoker      St:10 Dx:12 Co:13 In:20 Wi:10 Ch:10  Chaotic
Dlvl:3  $:13 HP:0(11) Pw:8(8) AC:9  Xp:1 T:538 

Latest messages:
 You see here a lichen corpse.
 u - a lichen corpse.
 You swap places with your kitten.
 You see here a statue of a goblin.
 You descend the stairs.
 The kitten misses the lichen.
 The kitten misses the lichen.
 You kill the lichen!
 v - a pink potion.
 s - a food ration (2 in total).
 u - a lichen corpse (2 in total).
 You see here a cram ration.
 w - a cram ration.
 The kitten picks up a blue gem.
 The kitten drops a blue gem.
 You see here a blue gem.
 You hit the grid bug.
 The kitten misses the grid bug.
 You kill the grid bug!
 The kitten picks up a blue gem.
 The kitten drops a blue gem.
 The door opens.
 A board beneath you squeaks a G note loudly.
 $ - 4 gold pieces (13 in total).
 You stop.  Your kitten is in the way!
 You kill the newt!
 You see here a newt corpse.
 There is a newt corpse here; eat it? [ynq] (n) y
 This newt corpse is tough.
 You finish eating the newt corpse.
 You swap places with your kitten.
 You see here a statue of a newt.
 You swap places with your kitten.
 You find a hidden door.
 The door opens.
 You swap places with your kitten.
 Something is engraved here on the headstone.
 You read: "I will not go quietly."
 The door resists!
 The door opens.
 x - a scroll labeled ABRA KA DABRA.
 You see here a food ration.
 s - a food ration (3 in total).
 You swap places with your kitten.
 You descend the stairs.
 The dwarf thrusts his broad short sword.
 The dwarf hits!
 You die...
 Do you want your possessions identified? [ynq] (y) y
 Do you want to see your attributes? [ynq] (y) q

Inventory:
 Coins    ('$')
  $ - 13 gold pieces
 Weapons  (')')
  a - a blessed +1 quarterstaff (weapon in hands)
 Armor    ('[')
  b - an uncursed +0 cloak of magic resistance (being worn)
 Comestibles  ('%')
  w - an uncursed cram ration
  s - 3 uncursed food rations
  u - 2 uncursed lichen corpses
 Scrolls  ('?')
  x - an uncursed scroll of create monster
  q - an uncursed scroll of destroy armor
  j - an uncursed scroll of enchant weapon
  k - an uncursed scroll of light
  i - an uncursed scroll of teleportation
 Spellbooks  ('+')
  r - an uncursed spellbook of detect monsters
  l - a blessed spellbook of force bolt
  m - a blessed spellbook of light
 Potions  ('!')
  g - a blessed potion of fruit juice
  t - an uncursed potion of gain energy
  v - a blessed potion of hallucination
  h - an uncursed potion of speed
  f - an uncursed potion of water
 Rings    ('=')
  e - an uncursed ring of fire resistance (on right hand)
  d - an uncursed ring of slow digestion (on left hand)
 Wands    ('/')
  c - a wand of create monster (0:11)
 Tools    ('(')
  p - an uncursed bell
  o - an uncursed blindfold
  n - a magic marker (0:22)

HumaRuntu the Wizard's attributes:

Background:
 You were an Evoker, a level 1 female elven Wizard.
 You were chaotic, on a mission for Anhur
 who was opposed by Ptah (lawful) and Thoth (neutral).
 You were right-handed.
 You were in the Gnomish Mines, on level 3.
 You entered the dungeon 538 turns ago.
 It was nighttime.
 There was a full moon in effect when your adventure ended.
 You had 12 experience points, 8 more were needed to attain level 2.

Basics:
 You had 0 out of 11 hit points.
 You had all 8 energy points (spell power).
 Your armor class was 9.
 Your wallet contained 13 zorkmids.
 Autopickup was on for '$?!/="+' plus thrown.

Final Characteristics:
 Your strength was 10 (limit:18).
 Your dexterity was 12 (limit:18).
 Your constitution was 13 (limit:16).
 Your intelligence was 20 (limit:20).
 Your wisdom was 10 (limit:20).
 Your charisma was 10 (limit:18).

Final Status:
 You weren't hungry.
 You were unencumbered.
 You were wielding a quarterstaff.
 You had basic skill with quarterstaff.

Final Attributes:
 You were fervently aligned.
 You were magic-protected.
 You were fire resistant.
 Your items were protected from fire.
 You had infravision.
 You had slower digestion.
 You were warded.
 You were lucky.
 You are dead.

Miscellaneous:
 You didn't encounter any bones levels.
 Total elapsed playing time was 4 minutes and 19 seconds.

Major events:
 Turn
    1: HumaRuntu the chaotic female elven Wizard entered the dungeon
  533: entered the Gnomish Mines
  538: killed by a dwarf

Spells:
 Name                 Level Category     Fail Retention
 force bolt             1   attack         0%  91%-100%
 light                  1   divination     0%  76%-100%

Skills:
 Fighting Skills
   bare handed combat [Unskilled]
   riding             [Unskilled]
 Weapon Skills
   dagger             [Unskilled]
   knife              [Unskilled]
   axe                [Unskilled]
   short sword        [Unskilled]
   club               [Unskilled]
   mace               [Unskilled]
   quarterstaff       [Basic]
   polearms           [Unskilled]
   spear              [Unskilled]
   trident            [Unskilled]
   sling              [Unskilled]
   dart               [Unskilled]
   shuriken           [Unskilled]
 Spellcasting Skills
   attack spells      [Basic]
   healing spells     [Unskilled]
   divination spells  [Unskilled]
   enchantment spells [Basic]
   clerical spells    [Unskilled]
   escape spells      [Unskilled]
   matter spells      [Unskilled]

Voluntary challenges:
 Character rerolling was not enabled.
 You were an atheist.
 You were illiterate.
 You never genocided any monsters.
 You never polymorphed an object.
 You never changed form.
 You used no wishes.
Achievement:
 You entered the Gnomish Mines.

 The Dungeons of Doom: levels 1 to 2
    Level 1:
    Level 2:
       A grave.
       Stairs down to The Gnomish Mines.
 The Gnomish Mines:
    Level 3: <- You were here.
       Final resting place for
          you, killed by a dwarf.


Vanquished creatures:
  2 grid bugs
  2 lichens
  a kobold zombie
  a newt
6 creatures vanquished.

No species were genocided or became extinct.

Game over:
                       ----------
                      /          \
                     /    REST    \
                    /      IN      \
                   /     PEACE      \
                  /                  \
                  |    HumaRuntu     |
                  |      13 Au       |
                  |   killed by a    |
                  |      dwarf       |
                  |                  |
                  |                  |
                  |       2026       |
                 *|     *  *  *      | *
        _________)/\\_//(\/(/\)/\//\/|_)_______

Goodbye HumaRuntu the Wizard...

You died in The Gnomish Mines on dungeon level 3 with 160 points,
and 13 pieces of gold, after 538 moves.
You were level 1 with a maximum of 11 hit points when you died.

